Map: [ESL] Site Delta

Players

Bly - Winner!

  • Race: Zerg Zerg
  • Spawn Location: 5:00

YoungYakov

  • Race: Zerg Zerg
  • Spawn Location: 11:00

Event: ESL SC2 Masters 2024 Spring (Regional)

VOD

Have the link to the VOD?

Description

Time

  • Played on: April 21, 2024, 10:18 a.m.
  • Length: 9:04

All games in this series

Show
View Real Time Build Order
Export as new Build Order

Bly Zerg - Winner!

Build Orders: Hatch First 

Get SALT Encoding   

  12  0:00  Drone  
  13  0:11  Overlord  
  13  0:16  Drone  
  14  0:30  Drone x2  
  16  0:47  Hatchery  
  15  0:50  Drone  
  15  0:53  Drone  
  17  0:57  Drone  
  18  1:08  Extractor  
  17  1:12  Spawning Pool  
  17  1:16  Drone  
  17  1:19  Drone  
  18  1:27  Drone  
  19  1:38  Drone  
  20  1:49  Overlord  
  20  1:59  Evolution Chamber, Queen  
  20  2:00  Zergling x2, Queen  
  24  2:01  Zergling x2  
  25  2:10  Zergling x4  
  27  2:20  Drone  
  27  2:21  Drone  
  29  2:25  Zerg Melee Weapons Level 1  
  29  2:44  Drone x4  
  29  2:47  Queen  
  33  2:53  Lair  
  33  2:59  Drone  
  33  3:00  Overlord  
  34  3:08  Drone x2  
  36  3:15  Overlord  
  36  3:21  Drone x2  
  36  3:22  Drone x2  
  36  3:25  Drone x2  
  42  3:28  Drone  
  43  3:37  Drone  
  43  3:42  Drone x2  
  43  3:43  Drone  
  43  3:45  Extractor  
  43  3:46  Overlord, Extractor  
  43  3:47  Drone x3  
  47  3:53  Drone x2  
  47  3:55  Extractor  
  48  3:59  Overseer  
  48  4:13  Drone x3  
  48  4:14  Drone x2  
  48  4:16  Overlord  
  53  4:20  Spine Crawler  
  53  4:22  Spine Crawler  
  53  4:23  Spire  
  50  4:28  Drone x4  
  50  4:29  Drone  
  55  4:33  Metabolic Boost  
  55  4:51  Hatchery  
  54  4:53  Overlord  
  54  4:54  Drone x3  
  57  5:03  Overlord  
  57  5:16  Zergling x18  
  57  5:20  Overlord  
  66  5:28  Overlord  
  66  5:36  Mutalisk  
  66  5:38  Evolution Chamber x2  
  66  5:39  Mutalisk, Evolution Chamber  
  67  5:44  Mutalisk  
  67  5:47  Mutalisk x2  
  67  5:48  Mutalisk  
  75  5:51  Mutalisk  
  75  5:52  Zerg Flyer Weapons Level 1  
  77  5:57  Mutalisk  
  79  6:08  Mutalisk  
  79  6:10  Zergling x8  
  80  6:23  Mutalisk  
  80  6:25  Evolution Chamber  
  81  6:27  Zergling x16  
  81  6:29  Hatchery  
  81  6:32  Overlord  
  88  6:34  Overlord  
  88  6:43  Mutalisk x2  
  91  7:02  Mutalisk x3  
  91  7:04  Drone  
  91  7:05  Drone x3  
  91  7:06  Spine Crawler  
  100  7:16  Drone x2  
  100  7:17  Drone x2  
  104  7:23  Mutalisk  
  104  7:25  Overseer  
  104  7:26  Overlord  
  104  7:27  Overlord  
  106  7:31  Overlord  
  106  7:34  Overlord  
  106  7:37  Overlord  
  106  7:48  Mutalisk x3  
  106  7:55  Zergling x4  
  106  7:56  Zergling x12, Baneling Nest  
  108  8:09  Evolution Chamber  
  106  8:15  Hatchery  
  104  8:23  Mutalisk x4  
  112  8:37  Extractor  
  112  8:41  Extractor  
  128  9:01  Spine Crawler  
Show
View Real Time Build Order
Export as new Build Order

YoungYakov Zerg 

Build Orders: Hatch First, Roach Nydus 

Get SALT Encoding   

  12  0:00  Drone  
  13  0:07  Drone  
  14  0:33  Hatchery  
  13  0:35  Drone  
  14  0:52  Spawning Pool  
  14  0:55  Drone  
  14  1:01  Extractor  
  14  1:02  Drone  
  15  1:09  Overlord  
  15  1:27  Drone  
  16  1:39  Zergling x6, Queen  
  21  1:45  Zergling x2  
  21  1:46  Queen  
  24  1:50  Drone  
  25  1:55  Drone  
  25  2:01  Overlord  
  26  2:05  Extractor  
  26  2:06  Drone  
  26  2:11  Drone  
  27  2:18  Queen  
  27  2:20  Drone  
  30  2:26  Drone  
  31  2:34  Drone x2  
  30  2:41  Drone  
  30  2:43  Drone  
  31  2:49  Overlord, Drone  
  31  2:51  Drone x2  
  34  2:54  Drone  
  34  2:56  Drone  
  36  3:03  Overlord  
  36  3:08  Drone x2  
  36  3:10  Drone  
  36  3:11  Evolution Chamber  
  38  3:17  Drone  
  38  3:18  Roach Warren  
  38  3:20  Drone  
  38  3:23  Drone  
  38  3:26  Drone x2  
  42  3:27  Drone  
  42  3:30  Drone  
  42  3:31  Drone  
  45  3:37  Lair  
  45  3:40  Extractor  
  44  3:41  Extractor  
  44  3:42  Overlord  
  44  3:45  Drone x2  
  45  3:49  Drone x2  
  47  3:57  Drone x2  
  47  3:58  Drone  
  47  4:01  Drone, Extractor  
  47  4:02  Drone x2  
  52  4:03  Zerg Missile Weapons Level 1  
  52  4:05  Overlord  
  52  4:12  Evolution Chamber  
  52  4:13  Overlord  
  52  4:15  Overlord  
  51  4:23  Roach x2  
  55  4:26  Roach x2  
  55  4:29  Roach  
  61  4:33  Overlord  
  61  4:36  Overseer  
  61  4:37  Glial Reconstitution  
  61  4:41  Roach  
  61  4:44  Roach x2  
  67  4:52  Hatchery  
  66  4:58  Roach x2  
  70  5:02  Zerg Ground Armor Level 1  
  70  5:07  Roach x2  
  78  5:14  Roach x3  
  78  5:16  Overlord  
  78  5:20  Overlord  
  80  5:23  Overseer, Roach  
  80  5:28  Roach x2  
  86  5:29  Overseer  
  86  5:34  Roach x2  
  90  5:38  Roach x2  
  94  5:44  Roach x2  
  94  5:47  Queen  
  100  5:53  Overlord  
  100  5:58  Nydus Network  
  100  6:01  Overlord  
  87  6:12  Roach x3, Queen  
  87  6:15  Roach  
  95  6:22  Queen  
  95  6:25  Queen  
  91  6:29  Roach x2  
  95  6:33  Roach  
  95  6:34  Roach  
  95  6:37  Nydus Canal  
  99  6:43  Roach x2  
  103  6:47  Drone x3  
  103  6:51  Hydralisk Den  
  105  6:54  Nydus Canal  
  105  6:58  Drone x4  
  109  7:06  Overseer  
  109  7:08  Drone  
  109  7:09  Drone x4  
  109  7:13  Tunneling Claws  
  109  7:15  Burrow  
  114  7:19  Spore Crawler  
  114  7:21  Spore Crawler  
  112  7:24  Spore Crawler  
  112  7:27  Overlord  
  111  7:30  Grooved Spines  
  111  7:31  Overlord  
  111  7:35  Drone x2  
  109  7:38  Spore Crawler  
  104  7:48  Drone x5  
  99  7:52  Drone  
  100  8:10  Drone x5  
  98  8:16  Drone  
  98  8:17  Drone  
  90  8:24  Drone x4  
  90  8:26  Spore Crawler  
  87  8:31  Roach x3  
  87  8:33  Roach x2  
Tags
 
Add a new tag
Caveats
  • Supply blocks, unpowered buildings, or Contaminate may cause inaccurate times.
  • Supply counts are checked every 10 seconds.